[Event "44th Chess Olympiad Open 2022"]
[Site "Chennai"]
[Date "2022.08.03"]
[Round "6.66"]
[White "Al Busaidi, Hamood"]
[Black "Rurik Capella"]
[Result "0-1"]
[WhiteElo "1743"]
[BlackElo "1952"]
[Annotator "NA RC"]
[PlyCount "104"]
[EventDate "2022.??.??"]
[TimeControl "60"]

1. e4 g6 2. d4 Bg7 3. Nf3 d6 4. Bc4 Nc6 5. h3 e5 6. c3 Nge7 7. a4 O-O 8. a5 a6 9. Be3 exd4 10. cxd4 d5 11. exd5 Nxd5 12. O-O Nxe3 13. fxe3 Qe7 14. Re1 Bf5 15. Nc3 Rad8 16. Qb3 Bc8 17. Bd5 Nb4 18. Bc4 Nc6 19. Bd5 Nb4 20. Bc4 Nc6 21. Bd5 h6 22. Bxc6 bxc6 23. Qc4 Qd6 24. Ne4 Qe7 25. Nc5 Rd5 26. Nxa6 Qd6 27. Nc5 Bxh3 28. Kf2 Bg4 29. Ne4 Qe7 30. Ned2 Rf5 31. Qxc6 Rb8 32. Ra2 Qh4+ 33. Ke2 Qg3 34. Rg1 Qh2 35. Qc1 Re8 36. Ra4 Qf4 37. Qc3 c5 38. e4 Bxd4 39. Rxd4 cxd4 40. Qa3 Rxe4+ 41. Nxe4 Qxe4+ 42. Kf2 Bxf3 43. gxf3 Qc2+ 44. Kf1 Qd1+ 45. Kf2 Qd2+ 46. Kf1 d3 47. Rg3 Qe2+ 48. Kg1 d2 49. Rxg6+ fxg6 50. Qb3+ Rf7 51. Qb8+ Kg7 52. Qe5+ Qxe5 0-1

[Event "44th Chess Olympiad Open 2022"]
[Site "Chennai"]
[Date "2022.08.03"]
[Round "6.67"]
[White "Miswadah, Baha"]
[Black "Pace, Colin"]
[Result "0-1"]
[WhiteElo "1985"]
[BlackElo "2159"]
[Annotator "TA"]
[PlyCount "84"]
[EventDate "2022.??.??"]
[TimeControl "60"]

1. d4 f5 2. Bg5 h6 3. Bh4 g5 4. e4 Nf6 5. e5 e6 $1 6. Bg3 {[%emt 0:
00:00] A80: Dutch Defence: Unusual White second moves.} f4 $1 7. exf6 Qxf6 8. Bd3 {[%emt 0:04:53][%cal
Yc2c3] The position is equal.} fxg3 {[%emt 0:04:15] [#]} 9. fxg3 $146 ({Predecessor:} 9. hxg3 Nc6 10. c3 d5 11. Qh5+ Kd8 12. Nf3 Bg7 13. Nbd2
Bd7 14. O-O-O Ke7 15. Rhe1 {1-0 (57) Arkadan,A (1820)-Tarun,K (2275) Chess.com
INT 2021}) 9... Bg7 (9... Bb4+ 10. c3 $16) 10. Nf3 Nc6 11. c3 Rf8 (
11... g4 $11 12. Nh4 O-O) 12. O-O {[%emt 0:07:23][%cal Yf3e5] Ne5! is the
strong threat.} Qe7 13. Na3 d5 14. Qe2 Bd7 15. Bg6+ Kd8 16. Rae1 a6 17. Nc2 Qd6 18. b4 ({White should try} 18. Bh5 $16) 18... e5 $11 19. Bh5 e4 (19... exd4 $1 $11 20.
Nfxd4 Rxf1+ 21. Rxf1 Nxd4 22. Nxd4 Bxd4+ 23. cxd4 Bb5) 20. Nd2 $16 Rxf1+ 21. Rxf1 {[%emt 0:00:38] Threatens to win with Rf7.
} Be6 {[%emt 0:00:56] Inhibits Rf7.} 22. Nb3 {[%emt 0:00:44] Hoping for Nc5.}
b6 {[%emt 0:00:27] Inhibits Nc5.} 23. Ne3 Kd7 (23... Ne7 $14) 24. Bg4 {[%emt 0:01:59] And now Rf7+ would win.} Rf8 {[%emt 0:
01:50] Inhibits Rf7+.} 25. Nf5 ({Don't play} 25. Qxa6 $6 Bxg4
26. Rxf8 (26. Nxg4 h5 $16) 26... Bxf8 $14) (25. Rxf8 $142 Bxf8 26. b5 (26. Qxa6
Bxg4 27. Nxg4 h5 $16) 26... axb5 27. Bxe6+ Kxe6 28. Qf1 (28. Qxb5 Bg7 $14))
25... Bxf5 26. Bxf5+ ({But not} 26. Rxf5 Rxf5
27. Bxf5+ Ke7) 26... Ke7 27. Qxa6 h5 {
[%emt 0:00:54] [#]} 28. g4 $1 Rh8 (28... hxg4
$16 29. Bxg4 Nb8) 29. h3 ({Better is} 29. gxh5 $18 Rxh5 30. g3
) 29... Qg3 {[%emt 0:01:34] Inhibits Bg4.} (29... Nb8 $16 30. Qb7 hxg4 31. Bxg4
Nd7) 30. Qb7 Kd6 {[%emt 0:00:00] [#]} (30... Qd6 $16 31. gxh5
Rxh5) 31. b5 $2 (31. c4 $1 $18 {[%cal Rc4c5] Strongly
threatening c5+.} Bxd4+ 32. Nxd4 Qe3+ 33. Kh1 Qxd4 34. c5+ bxc5 35. b5) 31...
Ne7 $14 32. Nc5 $2 Qxc3 $19 {[%emt 0:03:56]
Really sharp!} (32... bxc5 33. b6 Qe3+ 34. Kh1 Nxf5 35. Qxc7+ Ke6 36. gxf5+ Kf6
37. Qe5+ Kf7 38. Qe6+ Kf8 39. f6) 33. Ne6 Bxd4+ 34. Nxd4 (34. Kh1 $142 Bf6 35. Nxc7 Qxc7 36. Qxc7+ Kxc7
37. Bxe4 hxg4 38. Bd3) 34... Qxd4+ 35. Kh1 Qc4 36. Rd1 Nxf5 37. gxf5 {
[%emt 0:00:21] Endgame KQR-KQR} Rf8 38. g4 hxg4 39. hxg4 Rh8+ {[%emt 0:01:49] Black
mates.} 40. Kg1 Qc5+ 41. Kg2 Qc2+ 42. Kg3 Qh2# {[%emt 0:00:08] What a bad
dream for White. Weighted Error Value: White=0.86/Black=0.26 (precise)} 0-1

[Event "44th Chess Olympiad Open 2022"]
[Site "Chennai"]
[Date "2022.08.03"]
[Round "6.67"]
[White "Vella, Duncan"]
[Black "Isam, Gaith"]
[Result "1-0"]
[WhiteElo "1985"]
[BlackElo "1828"]
[Annotator "NA RC"]
[PlyCount "112"]
[EventDate "2022.??.??"]
[TimeControl "60"]

1. e4 e5 2. Nf3 Nc6 3. d4 exd4 4. Nxd4 Nf6 5. Nxc6 bxc6 6.
e5 Qe7 7. Qe2 Nd5 8. h4 f6 9. exf6 Nxf6 10. Bg5 Qxe2+ 11. Bxe2 Be7 12. Nc3 Bb7 13. O-O-O Nd5 14. Nxd5 Bxg5+ 15. hxg5 cxd5 16. Bd3 Ke7 17. Rxh7 Rxh7 18. Bxh7 Rf8 19. f3 c5 20. c3 a5 21. Kd2 Rh8 22. Bf5 Kd6 23. Re1 Bc6 24. Bg4 Rb8 25. Kc2 Ba4+ 26. b3 Bc6 27. f4 g6 28. Rh1 d4 29. Bf3 Bxf3 30. gxf3 Ke6 31. cxd4 cxd4 32. Rh7 Rc8+ 33. Kd3 Rc3+ 34. Kxd4 Rxf3 35. Ke4 Rf2 36. Rg7 d5+ 37. Ke3 Rxa2 38. Rxg6+ Ke7 39. f5 Ra3 40. Re6+ Kf8 41. Kd4 Rxb3 42. Kxd5 a4 43. Ra6 a3 44. Ke6 a2 45. Rxa2 Rb6+ 46. Ke5 Rb5+ 47. Kf4 Rb4+ 48. Kf3 Ke7 49. Ra7+ Kd6 50. f6 Ke6 51. Re7+ Kd6 52. g6 Rb1 53. Re2 Rf1+ 54. Rf2 Rg1 55. g7 Rg6 56. f7 Kd5 1-0

[Event "44th Chess Olympiad Open 2022"]
[Site "Chennai"]
[Date "2022.08.03"]
[Round "6.67"]
[White "seder mohamad"]
[Black "Mizzi, Jack"]
[Result "1-0"]
[WhiteElo "1950"]
[BlackElo "1913"]
[Annotator "NA RC"]
[PlyCount "120"]
[EventDate "2022.??.??"]
[TimeControl "60"]

1. e4 c6 2. Nf3 d5 3. Nc3 dxe4 4. Nxe4 Nf6 5. Nxf6+ exf6 6. d4 Bd6 7. Be2 O-O 8. O-O Bg4 9. h3 Bh5 10. Be3 Nd7 11. c4 Re8 12. Re1 Qc7 13.
Qd2 c5 14. Rad1 Rad8 15. Nh4 Bh2+ 16. Kh1 cxd4 17. Bxd4 Bf4 18. Qc2 Bxe2 19. Rxe2 Ne5 20. b3 Nc6 21. Rxe8+ Rxe8 22. Nf3 Rd8 23. Bc3 Rxd1+ 24. Qxd1 Qd6 25. Qxd6 Bxd6 26. g4 Kf8 27. Kg2 Bc5 28. Nd2 Bb4 29. Ne4 Bxc3 30. Nxc3 Ke7 31. Kf3 Kd6 32. Ke4 a5 33. f4 Ne7 34. a3 Nc6 35. Ne2 Kc5 36. Nc1 Kd6 37. Nd3 b6 38.
b4 axb4 39. axb4 Ke6 40. b5 Na5 41. Kd4 Kd6 42. c5+ Kc7 43.
c6 Kd6 44. Kc3 Nxc6 45. bxc6 Kxc6 46. Kc4 Kd6 47. Kd4 Kc6 48. Nb4+ Kd6 49. f5 b5 50. Nd5 Kc6 51. Nf4 b4 52. Nh5 Kb5 53. Kd3 g6 54. Nxf6 gxf5 55. Nxh7 fxg4 56. hxg4 Kc5 57. Ng5 Kd5 58. Nxf7 b3 59. g5 Ke6 60. g6 Kd5 1-0

[Event "44th Chess Olympiad Open 2022"]
[Site "Chennai"]
[Date "2022.08.03"]
[Round "6.67"]
[White "Cilia Vincenti, David"]
[Black "Shawabke Ziyad"]
[Result "1/2-1/2"]
[WhiteElo "1904"]
[BlackElo "1786"]
[Annotator "NA RC"]
[PlyCount "118"]
[EventDate "2022.??.??"]
[TimeControl "60"]

1. d4 Nf6 2. Nf3 d5 3. e3 c5 4. Nbd2 cxd4 5. exd4 Bf5 6.
Bb5+ Nbd7 7. O-O a6 8. Be2 Qc7 9. c3 e6 10. Nh4 Bd6 11. g3 Bh3 12. Re1 g5 13. Ng2 Bxg2 14. Kxg2 h5 15. Nf3 g4 16. Nh4 Ne4 17. Bd3 f5 18. Ng6 Rh7 19. Nf4 Kf7 20. c4 Ndf6 21. Qb3 Bxf4 22. Bxf4 dxc4 23. Bxc4 Qc6 24. Kg1 b5 25. Bf1 Qd5 26. Qxd5 Nxd5 27. Be5 Nef6 28. Rec1 Nd7 29. Bd6 Rhh8 30. Rc6 Rhc8 31. Rac1 N7b6 32. Bc7 Ke7 33. Bxb6 Nxb6 34. Bg2 Kd7 35. b3 Nd5 36. Bxd5 exd5 37. R6c5 Rxc5 38. Rxc5 Kd6 39. a4 b4 40. Ra5 Ra7 41. Kf1 Ra8 42. Ke2 Re8+ 43. Kd3 Ra8 44. Ke3 Re8+ 45. Kf4 Re4+ 46. Kxf5 Rxd4 47. Rxa6+ Kc7 48. Ra5 Rd3 49. Kg5 Kc6 50. Kxh5 Rxb3 51. Kxg4 Ra3 52. Kf5 Rf3+ 53. Ke5 Rxf2 54. Rb5 Rxh2 55. Rxb4 Kc5 56. Rb8 Re2+ 57. Kf5 Rf2+ 58. Ke5 Re2+ 59. Kf5 Rf2+ 1/2-1/2

[Event "44th Chess Olympiad Open 2022"]
[Site "Chennai"]
[Date "2022.08.03"]
[Round "6.68"]
[White "Martyr, Reginald"]
[Black "Chiwambo Stansford"]
[Result "1-0"]
[WhiteElo "2194"]
[BlackElo "1913"]
[Annotator "TA"]
[PlyCount "99"]
[EventDate "2022.??.??"]
[TimeControl "60"]

1. Nf3 d5 2. c4 e6 3. g3 Nf6 4. Bg2 Be7 5. O-O O-O 6. b3 Nbd7 7. Bb2 b6 8. Nc3 Bb7 9. e3 Re8 {[%emt 0:03:31]
A14: English Opening: 1...e6 with b3 by White.} 10. d4 Rc8 11. Qe2 (11. Ne5 {with more complications.} c6
12. f4 Bb4 13. Rc1) 11... c5 {[%emt 0:04:22] [#] The position is equal.} 12.
Rfc1 $146 ({Predecessor:} 12. Rac1 Nf8 13. Ne5 Bd6 14. Nb5 Bb8
15. Rcd1 a6 16. Nc3 Qe7 17. Rd2 Red8 18. Rfd1 {1-0 (42) Tsuchie,D (1287)-De
Souza,A (1473) Osasco 2019}) 12... Qc7 13. dxc5 bxc5 14. cxd5 exd5 15.
Na4 Qb8 16. Rc2 a6 (16... Nb6 $11) 17. Rac1 $16 Rc6 {[%emt 0:03:46]
White stays focused until the end.} 18. Ba3 ({White should try
} 18. Ne1 $16) 18... Rec8 (18... d4 $14) 19. Bh3 R8c7 20. Bb2 {[%emt 0:06:59] White is more active.} Qf8 (20... Bd6 $16) 21. Ne5 Nxe5 22. Bxe5 Bd6 (22... Bc8) 23. Bxf6 $18 gxf6 {[%emt 0:00:30] [#]} 24. Bd7 $1 Qe7 (24... Rxd7 25. Qg4+) 25. Bxc6 Rxc6 26. Qg4+ Kf8 27. Qf5 c4 28. bxc4 dxc4 29. Rxc4 Rxc4 30. Rxc4 {[%emt 0:00:03] 
[#] aiming for Nb6.} h5 $2 (30... Qe6 31. Qxe6 fxe6) 31. Nb6 Be5 32. Nd7+ Ke8 33. Nxe5 fxe5 {[%emt 0:00:13] Endgame KQR-KQB} 34. e4 Qd6 35. Qxh5 Kf8 36. Qe2 f5 37. Qf3 f4 38. gxf4 exf4 39. Qh5 {
[%emt 0:00:32] Intending e5 and mate.} Kg7 40. Rc5 Bxe4 41. Qe5+ Qxe5 42. Rxe5 {[%emt 0:00:03] KR-KB} Bd3 43. Kg2 Kf6 44. Ra5 Be2 45. f3 Kg6 46. h4 Bb5 47. Kf2 Kh6 48. a4 Bd3 49. Rd5 Bc2 50. Rd4 {
[%emt 0:00:00] Weighted Error Value: White=0.26 (precise) /Black=0.59} (50. a5
$142 Kg6 51. Rd6+ Kh5 52. Rxa6 Kxh4 53. Rd6 Bf5 54. Rd8 Kg5 55. a6) 1-0

[Event "44th Chess Olympiad Open 2022"]
[Site "Chennai"]
[Date "2022.08.03"]
[Round "6.68"]
[White "Nyambalo, Joseph Xavier"]
[Black "Sixtus Gabriel"]
[Result "1/2-1/2"]
[WhiteElo "1981"]
[BlackElo "1787"]
[Annotator "NA RC"]
[PlyCount "84"]
[EventDate "2022.??.??"]
[TimeControl "60"]

1. c4 g6 2. g3 Bg7 3. Bg2 Nf6 4. Nc3 O-O 5. Nf3 d5 6. cxd5 Nxd5 7. Qb3 Nb6 8. O-O Nc6 9. d3 e5 10. Be3 Be6 11. Qd1 Qd7 12. Ng5 Nd5 13.
Nxe6 fxe6 14. Bd2 Nce7 15. Ne4 Qb5 16. b4 b6 17. a4 Qd7 18.
Rb1 c6 19. Qb3 Rac8 20. Rfc1 h6 21. a5 Nf6 22. axb6 axb6 23. Rc4 Nxe4 24. Bxe4 Kf7 25. Rbc1 Rc7 26. Qd1 Rfc8 27. Be3 b5 28. R4c2 Nd5 29. Bc5 Bf8 30. Qd2 Bxc5 31. Rxc5 Kg7 32. d4 Nb6 33. Qd3 Qxd4 34. Qxd4 exd4 35. Rxc6 Rxc6 36. Rxc6 Rxc6 37. Bxc6 Kf6 38. f4 g5 39. fxg5+ hxg5 40. Kf2 g4 41. e3 dxe3+ 42. Kxe3 Ke5 1/2-1/2

[Event "44th Chess Olympiad Open 2022"]
[Site "Chennai"]
[Date "2022.08.03"]
[Round "6.68"]
[White "Mathurin, Nathaniel"]
[Black "Matola Ernest"]
[Result "1-0"]
[WhiteElo "1722"]
[BlackElo "1964"]
[Annotator "NA RC"]
[PlyCount "63"]
[EventDate "2022.??.??"]
[TimeControl "60"]

1. d4 Nf6 2. Nf3 g6 3. c4 Bg7 4. Nc3 O-O 5. e4 d6 6. Be2 Nbd7 7. O-O e5 8. Be3 Re8 9. d5 Nc5 10. Nd2 a5 11. a3 h5 12. f3 Nh7 13. b4 Nd7 14. c5 Ndf8 15. cxd6 cxd6 16. Nc4 axb4 17. Nb5 Nd7 18. axb4 Rxa1 19. Qxa1 f5 20. exf5 gxf5 21. Ncxd6 e4 22. Bd4 exf3 23. Bxf3 Ndf6 24. Nxe8 Qxe8 25. Nd6 Qd7 26. Nxc8 Qxc8 27. b5 Qc4 28. b6 h4 29. d6 Qe6 30. Bxb7 Qxd6 31. Rxf5 Ng4 32. Bd5+ 1-0

[Event "44th Chess Olympiad Open 2022"]
[Site "Chennai"]
[Date "2022.08.03"]
[Round "6.69"]
[White "Etienne, Angelo"]
[Black "Mutabazi Hugues"]
[Result "1-0"]
[WhiteElo "2036"]
[BlackElo "1666"]
[Annotator "NA RC"]
[PlyCount "101"]
[EventDate "2022.??.??"]
[TimeControl "60"]

1. d4 Nf6 2. c4 e6 3. Nf3 Bb4+ 4. Bd2 Qe7 5. Qb3 a5 6. a3 Bxd2+ 7. Nfxd2 O-O 8. e3 d5 9. Nc3 c6 10. Bd3 Nbd7 11. O-O dxc4 12. Nxc4 c5 13. Nb5 cxd4 14. exd4 Nd5 15. Rae1 Qd8 16. Be4 N7f6 17. Bxd5 Nxd5 18. Ncd6 Qb6 19. Nc4 Qa6 20. Ne3 a4 21. Qd3 Nxe3 22. Rxe3 Bd7 23. Nc3 Qxd3 24. Rxd3 Bc6 25. f3 Rfd8 26. Kf2 Rd7 27. Rfd1 Rad8 28. g3 Kf8 29. Ke3 Ke7 30. f4 f6 31. f5 Rd6 32. fxe6 Rxe6+ 33. Kf2 Red6 34. Re1+ Kf8 35. d5 Be8 36. Rd2 Bf7 37. Re4 b5 38. Ke3 Rb8 39. Rb4 Rdb6 40. Kd4 Ke7 41. Kc5 R6b7 42. Rxb5 Rc8+ 43. Kb4 Rxb5+ 44. Nxb5 Be8 45. Re2+ Kd8 46.
Rxe8+ Kxe8 47. Nd6+ Kd7 48. Nxc8 Kxc8 49. Kxa4 f5 50. h4 h6 51. h5 1-0

[Event "44th Chess Olympiad Open 2022"]
[Site "Chennai"]
[Date "2022.08.03"]
[Round "6.69"]
[White "Muheto, Dieudonne"]
[Black "Jean Louis, Marckens"]
[Result "1/2-1/2"]
[WhiteElo "1830"]
[BlackElo "2050"]
[Annotator "NA RC"]
[PlyCount "160"]
[EventDate "2022.??.??"]
[TimeControl "60"]

1. f4 d5 2. Nf3 c5 3. e3 Nc6 4. Bb5 a6 5. Bxc6+ bxc6 6. Ne5 Qc7 7. b3 g6 8. Bb2 Nf6 9. O-O Bg7 10. d3 O-O 11. Nd2 Nd7 12. Ndf3 f6 13.
Ng4 Nb6 14. Nf2 Rb8 15. h4 h5 16. a4 Bd7 17. Qe2 Rbe8 18.
Ba3 d4 19. exd4 Qxf4 20. Qe4 Qxe4 21. Nxe4 cxd4 22. Nc5 Bc8 23. Rae1 e5 24. Ne4 Nd5 25. Nd6 Re6 26. Nxc8 Rxc8 27. Nxd4 Ree8 28. Nf3 c5 29. Nd2 Nb4 30. Bxb4 cxb4 31. Nc4 Rc6 32. Re2 Rd8 33. Rfe1 Bf8 34. Na5 Rc7 35. Rf1 Kg7 36. g3 Bc5+ 37. Kg2 Bd4 38. Nc4 Rc6 39. Kh3 Kh6 40. Rfe1 Rd5 41. Rf1 Kg7 42. Kg2 f5 43. Rfe1 Kf6 44. Kh3 Rdc5 45. Rf1 g5 46. hxg5+ Kxg5 47. Kg2 Rh6 48. Rh1 Rg6 49. Nd2 Bc3 50. Nf3+ Kh6 51. Nh4 Rg5 52. Kh3 Bd4 53. Rf1 Bb2 54. Nxf5+ Kh7 55. Nd6 Rc6 56. Ne4 Rg7 57. Rf6 Rxf6 58. Nxf6+ Kg6 59. Ne4 Bd4 60. Nd2 Rf7 61. Kg2 Kf5 62. Ne4 Rc7 63. Nd6+ Ke6 64. Nc4 Rf7 65. Nd2 Rf5 66. Nf3 Bc3 67. d4 Kd5 68. dxe5 Bxe5 69. Rd2+ Ke4 70. Nxe5 Kxe5 71. Rd8 a5 72. Rc8 Kd4 73. Rc4+ Ke3 74. Kh3 Kd2 75. Kh4 Re5 76. Rc7 Rf5 77. Kh3 Re5 78. Kg2 Rf5 79. Rc4 Re5 80. Rc6 Rf5 1/2-1/2

[Event "44th Chess Olympiad Open 2022"]
[Site "Chennai"]
[Date "2022.08.03"]
[Round "6.69"]
[White "Elvis Havyarimana"]
[Black "Germinal, Kemly"]
[Result "0-1"]
[WhiteElo "1724"]
[BlackElo "1997"]
[Annotator "NA RC"]
[PlyCount "114"]
[EventDate "2022.??.??"]
[TimeControl "60"]

1. d4 Nf6 2. c4 c5 3. d5 e6 4. Nc3 exd5 5. cxd5 d6 6. e4 g6 7. f4 Bg7 8. Nf3 O-O 9. Bd3 Bg4 10. O-O Na6 11. a3 Nc7 12. h3 Bxf3 13. Qxf3 a6 14. Bd2 b5 15. Rae1 Rb8 16. Ne2 Qd7 17. Bc2 b4 18. axb4 cxb4 19. Be3 a5 20.
Nd4 a4 21. Nc6 b3 22. Nxb8 Rxb8 23. Bd3 Ra8 24. Bd4 Nb5 25. Bxf6 Bxf6 26. e5 Bg7 27. Qe4 Nc7 28. f5 Bxe5 29. Re2 Ne8 30. fxg6 fxg6 31. Ref2 Ng7 32. Kh1 Nh5 33. Rf3 Ng3+ 34. Rxg3 Bxg3 35. Qe6+ Qxe6 36. dxe6 Rf8 37. Rxf8+ Kxf8 38. Bb5 Ke7 39. Bxa4 Kxe6 40.
Bxb3+ Ke5 41. Bg8 h6 42. Kg1 d5 43. Kf1 Kd4 44. Ke2 Be5 45.
Bf7 g5 46. Kf3 Kc4 47. b3+ Kd4 48. Kg4 Ke4 49. Kh5 Bg7 50. b4 d4 51. b5 d3 52. b6 d2 53. Bb3 Kf4 54. b7 Be5 55. Bd1 Kg3 56. Bf3 Bf4 57.
Kxh6 g4+ 0-1

[Event "44th Chess Olympiad Open 2022"]
[Site "Chennai"]
[Date "2022.08.03"]
[Round "6.70"]
[White "Sanches, Casanova Romario"]
[Black "Samuel Merhawi Gebrehiwet"]
[Result "1/2-1/2"]
[WhiteElo "2066"]
[BlackElo "1616"]
[Annotator "NA RC"]
[PlyCount "116"]
[EventDate "2022.??.??"]
[TimeControl "60"]

1. e4 c5 2. Nc3 Nc6 3. g3 g6 4. Bg2 Bg7 5. Nge2 e6 6. d3 Nge7 7. Be3 b6 8. Qd2 h6 9. O-O Bb7 10. Rab1 e5 11. f4 d6 12. Nd5 Nxd5 13.
exd5 Ne7 14. c4 Nf5 15. Bf2 h5 16. b4 cxb4 17. Rxb4 h4 18.
d4 hxg3 19. hxg3 exf4 20. Nxf4 Qf6 21. Re1+ Kf8 22. c5 g5 23. Ne6+ fxe6 24. Rxe6 Qf7 25. Qxg5 Rh5 26. Qg6 Qxg6 27. Rxg6 dxc5 28. dxc5 Ne7 29. c6 Nxg6 30. cxb7 Rb8 31. d6 Be5 32. Rb5 Rg5 33. a4 Bf6 34. Rb1 Ne5 35. Rc1 Nd7 36. Rc8+ Kf7 37. Rc7 Ke8 38. Bc6 Rg7 39. Rc8+ Kf7 40. Bxd7 Rxb7 41. Bc6 Ke6 42. Bxb7 Rxb7 43. Rc7 Rxc7 44. dxc7 Kd7 45. Kf1 Kxc7 46. Ke2 Kc6 47. Kd3 Kd5 48. Be3 Be5 49. g4 Bg7 50. g5 Kc6 51. g6 Kd5 52. Bf2 Bf6 53.
Be3 Bg7 54. Bd2 a6 55. Bc3 Bxc3 56. Kxc3 Ke6 57. Kd4 b5 58. axb5 axb5 1/2-1/2

[Event "44th Chess Olympiad Open 2022"]
[Site "Chennai"]
[Date "2022.08.03"]
[Round "6.70"]
[White "Gajadin, Dewperkash"]
[Black "Kibrom Weldegebriel Beraki"]
[Result "0-1"]
[WhiteElo "1990"]
[BlackElo "1793"]
[Annotator "NA RC"]
[PlyCount "114"]
[EventDate "2022.??.??"]
[TimeControl "60"]

1. e4 c5 2. c3 e6 3. d4 cxd4 4. cxd4 Nf6 5. Bd3 Nc6 6. e5 Nd5 7. Ne2 d6 8. exd6 Bxd6 9. Nbc3 Nf6 10. h3 h6 11. a3 O-O 12. O-O b6 13. Be3 Bb7 14. Ne4 Be7 15. Nxf6+ Bxf6 16. Be4 Qe7 17. Rc1 Nxd4 18. Nxd4 Bxe4 19. Qg4 Bg6 20. b4 Qd6 21. Rfd1 Qd5 22. Nf3 Qb3 23. h4 Rfd8 24. Rxd8+ Rxd8 25. h5 Bf5 26. Qg3 Kh7 27. Qc7 Qxa3 28. Qxf7 a5 29. Rc7 Qa1+ 30. Kh2 axb4 31. g3 Rd1 32. g4 Be5+ 33. Nxe5 Qxe5+ 34. Kg2 Bd3 35. Rc8 Bf1+ 36. Kf3 Qf6+ 37. Qxf6 gxf6 38. Rc7+ Kg8 39. Bxh6 b3 40. Bc1 Rxc1 41. Rxc1 Bd3 42. Rc8+ Kg7 43. Rb8 b5 44. g5 fxg5 45. Kg4 b2 46. Kxg5 b1=Q 47. Rb7+ Kg8 48. Rb8+ Kf7 49. Rb7+ Ke8 50. Rb8+ Kd7 51. Rb7+ Kc6 52. Rf7 Qg1+ 53. Kh6 Qg8 54. Rf6 Kd6 55. f4 Qh8+ 56. Kg5 Qg7+ 57. Rg6 Bxg6 0-1

[Event "44th Chess Olympiad Open 2022"]
[Site "Chennai"]
[Date "2022.08.03"]
[Round "6.70"]
[White "Asante Debesai Zerabruk"]
[Black "Giasi, Viresh"]
[Result "0-1"]
[WhiteElo "1785"]
[BlackElo "2006"]
[Annotator "NA RC"]
[PlyCount "110"]
[EventDate "2022.??.??"]
[TimeControl "60"]

1. e4 c5 2. Nf3 e6 3. d3 Nc6 4. g3 h5 5. h4 d5 6. Nbd2 Nf6 7. Bg2 dxe4 8. dxe4 e5 9. O-O Bg4 10. Re1 Qc7 11. c3 Be7 12. Qc2 Nh7 13. Nc4 O-O-O 14. Ne3 Bxf3 15. Bxf3 g5 16. Nf5 gxh4 17. gxh4 Nf8 18. Rd1 Ng6 19. Rxd8+ Qxd8 20. Qe2 Nxh4 21. Nxh4 Bxh4 22. Bxh5 Bxf2+ 23.
Qxf2 Rxh5 24. Be3 Qg8+ 25. Qg2 Qxg2+ 26. Kxg2 b6 27. Rf1 Rh7 28. Rf5 Kd7 29. a4 Ke6 30. Bg5 Rg7 31. Kf3 Rg6 32. Be3 Rf6 33. Rxf6+ Kxf6 34. Kg4 c4 35. Bg5+ Ke6 36. Be3 Na5 37. Bf2 Nb3 38. Be3 Nc5 39. Bxc5 bxc5 40. Kg5 a5 41. Kg4 Kf6 42. Kh5 Kg7 43. Kg5 f6+ 44. Kf5 Kf7 45. Kg4 Kg6 46. Kf3 Kg5 47. Kg3 f5 48. exf5 Kxf5 49. Kf3 e4+ 50. Kg3 Kg5 51. Kf2 Kf4 52. Ke2 e3 53. Ke1 Kf3 54. Kf1 e2+ 55. Ke1 Ke3 0-1

[Event "44th Chess Olympiad Open 2022"]
[Site "Chennai"]
[Date "2022.08.03"]
[Round "6.71"]
[White "Aziz, Husain"]
[Black "Mohamed Ali Djama"]
[Result "1-0"]
[WhiteElo "2380"]
[BlackElo "1629"]
[Annotator "TA"]
[PlyCount "49"]
[EventDate "2022.??.??"]
[TimeControl "60"]

1. d4 Nf6 2. c4 e6 3. Nf3 d5 4. Nc3 Bb4 5. Qa4+ Nc6 6. e3 Ne4 {[%emt 0:00:21] D38: Queen's Gambit Declined: Ragozin
Defence (4 Nf3 Bb4).} 7. Qc2 O-O 8. Bd3 f5 {[%emt 0:01:26] White is slightly better.} 9. O-O Bxc3 10. bxc3 b6 {[%emt 0:07:24] [#]}
11. Ba3 $146 ({Predecessor:} 11. Rb1 Ba6 12. cxd5 Bxd3 13.
Qxd3 exd5 14. c4 Na5 15. cxd5 Qxd5 16. Ba3 Rfd8 17. Qc2 {1-0 (27) Strinic,H 
(2113)-Dedic,N (1963) Sarajevo 2018}) 11... Rf6 12. cxd5 exd5 13. c4 Be6 14. Rac1 g5 $2 {[%emt 0:09:28] [#]} (14... a5 $16) 15.
Bxe4 (15. g4 $142) 15... fxe4 $18 16. Nxg5 Qd7 (16... Bf5 {is a better defense.} 17. cxd5
Qxd5) 17. Nxe6 ({Not} 17. cxd5 Bxd5 18. Nxe4 Rg6 $18) 17...
Qxe6 18. cxd5 Qxd5 19. Qc4 (19. f3 $142 exf3 20. Rxf3 Rxf3 21. gxf3) 19... Rd8 20. f3 exf3 21. Rxf3 Rg6 $2 {[%emt 0:03:30] [#]} (21... Qxc4 22. Rxc4 Re6
23. Rg3+ Kf7) 22. Rf8+ $1 Kg7 23. Qxd5 Rxd5 24. Rc8 Rd7 25. d5 {[%emt 0:02:08] Black got outplayed after the
opening. Weighted Error Value: White=0.24 (precise) / Black=0.66} 1-0

[Event "44th Chess Olympiad Open 2022"]
[Site "Chennai"]
[Date "2022.08.03"]
[Round "6.71"]
[White "Yousuf M M Al Mutawa"]
[Black "Mohamed Ali Dima"]
[Result "1-0"]
[WhiteElo "2120"]
[BlackElo "1582"]
[Annotator "NA RC"]
[PlyCount "63"]
[EventDate "2022.??.??"]
[TimeControl "60"]

1. e4 d6 2. d4 Nf6 3. Bd3 Nc6 4. c3 a6 5. h3 e5 6. Nf3 Bd7 7. O-O h6 8. Re1 g5 9. Nbd2 g4 10. hxg4 Bxg4 11. Qb3 b5 12. c4 Nxd4 13. Nxd4 exd4 14. cxb5 Rb8 15. Qa4 Bd7 16. Qxd4 axb5 17. e5 Qe7 18. Nf3 dxe5 19. Rxe5 Be6 20. Bxb5+ Nd7 21. Bxd7+ Qxd7 22. Rxe6+ fxe6 23.
Qxh8 Qd1+ 24. Kh2 Rb5 25. Qxf8+ Kxf8 26. Bxh6+ Kf7 27. Rxd1 Rh5+ 28. Kg3 Rxh6 29. Rd7+ Ke8 30. Rxc7 Rh5 31. Nd4 Re5 32. Re7+ 1-0

[Event "44th Chess Olympiad Open 2022"]
[Site "Chennai"]
[Date "2022.08.03"]
[Round "6.71"]
[White "Ismael Mohamed Goumaneh"]
[Black "Erfan Mohamad Firdaus"]
[Result "0-1"]
[WhiteElo "1473"]
[BlackElo "1294"]
[Annotator "NA RC"]
[PlyCount "72"]
[EventDate "2022.??.??"]
[TimeControl "60"]

1. e4 c5 2. Nf3 d6 3. d4 cxd4 4. Nxd4 Nf6 5. Nc3 a6 6. Be3 e5 7. Nb3 Be7 8. f3 Be6 9. Qd2 Nbd7 10. O-O-O Qc7 11. Kb1 Rc8 12. g4 b5 13. g5 Nh5 14. Rg1 O-O 15. Qf2 Nc5 16. h4 b4 17. Nd5 Bxd5 18.
exd5 a5 19. Bb5 Rfd8 20. Bc6 Qa7 21. Rg4 Rb8 22. Nxc5 dxc5 23. Rc4 Rbc8 24. Bxc5 Qa6 25. Bxe7 Qxc4 26. Bxd8 Rxd8 27. Re1 Nf4 28. b3 Qc3 29. Rd1 g6 30. Qb6 Ne6 31. Rd3 Qe1+ 32. Kb2 Kg7 33.
Qxa5 Nf4 34. Qb5 Ne2 35. Rd1 Qxd1 36. Qxb4 Qc1# 0-1

[Event "44th Chess Olympiad Open 2022"]
[Site "Chennai"]
[Date "2022.08.03"]
[Round "6.73"]
[White "Coulibaly, Abdoulaye"]
[Black "Veer Gandhi"]
[Result "1-0"]
[WhiteElo "1936"]
[BlackElo "1545"]
[Annotator "NA RC"]
[PlyCount "96"]
[EventDate "2022.??.??"]
[TimeControl "60"]

1. e4 e5 2. Nf3 Nc6 3. Bc4 Bc5 4. O-O d6 5. h3 Nf6 6. c3 Nxe4 7. d4 Bb6 8. Qe2 d5 9. Bb5 O-O 10. Bxc6 bxc6 11. Nxe5 c5 12. Be3 cxd4 13. Bxd4 c5 14. Be3 Qf6 15. Ng4 Qg6 16. Ne5 Qf6 17. Ng4 Qd6 18. Nd2 f5 19. Nxe4 dxe4 20. Rad1 Qe6 21. Nh2 Bb7 22. Bf4 g5 23. Bxg5 Rf7 24. Bf4 Bc7 25. Qe3 Bxf4 26. Qxf4 Raf8 27. Rd6 Qxa2 28. Rfd1 Qxb2 29. Rd7 Qxc3 30. Rxf7 Rxf7 31.
Rd8+ Rf8 32. Rxf8+ Kxf8 33. Qb8+ Kg7 34. Qxb7+ Kg6 35. Qxa7 c4 36. Nf1 Qd3 37. Qb6+ Kf7 38. Qb7+ Kg6 39. Ne3 c3 40. Qc6+ Kf7 41. Qc7+ Ke6 42. Qxh7 c2 43. Qxf5+ Ke7 44. Qc5+ Kf7 45. Qxc2 Qd6 46. Qxe4 Kf8 47. Qf3+ Ke8 48. Qa8+ Ke7 1-0